 Dungeon Crawl Stone Soup version 0.29.1-15-g9cfb28693d (webtiles) character file.

Game seed: 6088843154724583061

562 tesmudgin the Covered (level 7, -10/60 HPs)
             Began as a Minotaur Fighter on Feb 10, 2023.
             Killed by divine providence
             ... invoked by an orc priest
              (13 damage)
             ... on level 5 of the Dungeon on Feb 23, 2023.
             The game lasted 00:21:09 (3823 turns).

tesmudgin the Covered (Minotaur Fighter)            Turns: 3823, Time: 00:21:09

Health: -10/60     AC: 10    Str: 22    XL:     7   Next: 10%
Magic:  6/6        EV:  9    Int:  5    God:
Gold:   179        SH:  4    Dex: 10    Spells: 6/6 levels left

rFire   . . .      SeeInvis .   a - +0 war axe
rCold   . . .      Faith    .   c - +0 buckler
rNeg    . . .      Spirit   .   b - +0 scale mail
rPois   .          Reflect  .   (helmet restricted)
rElec   .          Harm     .   (no cloak)
rCorr   .          Rampage  .   (no gloves)
Will    .....                   i - +1 pair of boots
Stlth   ..........              (no amulet)
HPRegen 0.20/turn               (no ring)
MPRegen 0.10/turn               (no ring)

@: no status effects
A: horns 2, retaliatory headbutt
a: no special abilities


You were on level 5 of the Dungeon.
You visited 1 branch of the dungeon, and saw 5 of its levels.

You collected 179 gold pieces.

Inventory:

Hand Weapons
 a - a +0 war axe (weapon)
Missiles
 n - a throwing net (quivered)
Armour
 b - a +0 scale mail (worn)
 c - a +0 buckler (worn)
 i - a +1 pair of boots (worn)
Magical Staves
 p - a staff of fire
Jewellery
 q - an amulet of reflection
Scrolls
 e - 2 scrolls of identify {unknown}
 g - 3 scrolls of teleportation {unknown}
 k - a scroll of poison {unknown}
 m - 3 scrolls of magic mapping {unknown}
 o - a scroll of amnesia {unknown}
 r - a scroll of enchant armour {unknown}
Potions
 d - 2 potions of might
 f - 2 potions of lignification {unknown}
 h - 2 potions of berserk rage {unknown}
 j - a potion of curing {unknown}
 l - 2 potions of degeneration {unknown}
 s - a potion of resistance {unknown}
 t - a potion of cancellation {unknown}


   Skills:
 + Level 4.9 Fighting
 + Level 6.3 Axes
 + Level 6.4 Armour
 + Level 1.2 Dodging
 + Level 0.2 Stealth
 + Level 4.2 Shields


You had 6 spell levels left.
You didn't know any spells.
Your spell library contained the following spells:

 Spells                   Type           Power      Damage    Failure   Level
 Freeze                   Ice            0%         1d3       86%         1
 Frozen Ramparts          Ice            0%         1d1       99%         3
 Hailstorm                Conj/Ice       0%         3d3       100%        4


Dungeon Overview and Level Annotations

Branches:
Dungeon (5/15)
 Temple: D:4-7

Altars:


Innate Abilities, Weirdness & Mutations

You have a pair of horns on your head.
You reflexively headbutt those who attack you in melee.


Message History

Something hits you but does no damage. Something hits you.
You closely miss something. You miss something. You hit the orc priest.
Something hits you but does no damage. The orc priest barely misses you.
Something hits you.
* * * LOW HITPOINT WARNING * * *
You barely miss something. Your headbutt misses something. You hit something.
You hit the orc. You hit the orc priest.
The orc priest hits you with a +0 club.
* * * LOW HITPOINT WARNING * * *
The orc hits you but does no damage. Something hits you but does no damage.
Something hits you.
* * * LOW HITPOINT WARNING * * *
You miss something. Your headbutt misses something. You hit the orc priest.
You hit something but do no damage. You slash the orc!
You kill the orc!
The orc priest hits you but does no damage.
Something hits you but does no damage.
You hear some strange, mumbled words.
A magic dart appears from out of thin air!
The magic dart hits you but does no damage.
The orc priest invokes the aid of Beogh against you.
Beogh smites you!
* * * LOW HITPOINT WARNING * * *
Something hits you but does no damage. x2
You barely miss something. You closely miss something.
You hit the orc priest but do no damage.
The orc priest looks encouraged for a moment.
You block something's attack. Something hits you.
* * * LOW HITPOINT WARNING * * *
You slash something!
Reactivating autopickup.
You feel a bit more experienced.
You hit something but do no damage. You barely miss the orc priest.
The orc priest hits you but does no damage.
Something hits you but does no damage.
Deactivating autopickup; reactivate with Ctrl-A.
You hit something. You barely miss the orc priest.
The orc priest mumbles some strange prayers to Beogh against you.
Beogh smites you!
You die...

#.. ..#.. ..
.....###.
......... #
........ .#
...#.. #...
##..####.....
#.###.)o.........
..$...{@.$.......
...>..))........#
...#.....##....#.
.o #....>. #..##
##...... ..#
#......> .#
#........ .
####........


You could see an orc priest.

Vanquished Creatures
  An ice beast (D:5)
  A necrophage (D:4)
  A jelly (D:4)
  2 hounds
  2 iguanas
  2 orc wizards
  6 gnolls
  8 adders
  3 dart slugs
  8 orcs
  9 endoplasms
  2 giant cockroaches (D:3)
  4 goblins
  7 hobgoblins
  9 kobolds
  A quokka (D:1)
  13 ball pythons
  3 bats (D:3)
  2 frilled lizards
  6 rats
90 creatures vanquished.

Notes
Turn   | Place    | Note
-------+----------+-------------------------------------------
     0 | D:1      | tesmudgin the Minotaur Fighter began the quest for the Orb.
     0 | D:1      | Reached XP level 1. HP: 19/19 MP: 0/0
   446 | D:1      | Reached XP level 2. HP: 22/27 MP: 1/1
   625 | D:1      | Found a faded altar of an unknown god.
   763 | D:2      | Reached XP level 3. HP: 33/33 MP: 2/2
   968 | D:2      | You fall into a shaft and drop 1 floor!
   998 | D:3      | Upgraded the game from 0.29.1-13-g9f3cf754e1 to
                  | 0.29.1-14-g9c671dbff4
  1045 | D:3      | Reached XP level 4. HP: 7/40 MP: 3/3
  1644 | D:3      | Upgraded the game from 0.29.1-14-g9c671dbff4 to
                  | 0.29.1-15-g9cfb28693d
  1884 | D:3      | Reached skill level 5 in Armour
  1934 | D:3      | Reached XP level 5. HP: 47/47 MP: 4/4
  2849 | D:4      | Reached skill level 5 in Axes
  2849 | D:4      | Reached skill level 1 in Dodging
  2849 | D:4      | Reached XP level 6. HP: 48/55 MP: 5/5
  3588 | D:5      | Entered Level 5 of the Dungeon
  3588 | D:5      | Noticed an ice beast
  3599 | D:5      | Killed an ice beast
  3816 | D:5      | Reached XP level 7. HP: 22/60 MP: 6/6
  3821 | D:5      | HP: 3/60 [something (4)]
  3823 | D:5      | Killed from afar by an orc priest

Illustrated notes

Levels and vault maps discovered:
D:1:      dpeg_arrival_shelter, layout_basic, ebering_ecumenical_altar_mist
D:2:      layout_rooms, roderic_lattice_a
D:3:      minmay_octagon_keep, layout_loops_corners, nicolae_elevator_lobby_plus
D:4:      layout_gridville
D:5:      gammafunk_wand_slinger, layout_cave_pools,
          minmay_temple_entry_purple_smoke

Skill      XL: |  1  2  3  4  5  6 |
---------------+-------------------+-----
Fighting       | 4 |  4.9
Armour         | 4 5 6 |  6.4
Axes           | 3 4 5 6 |  6.3
Shields        | 4 |  4.2
Dodging        | 1 |  1.2
Stealth        | |  0.2

Action                   |  1- 3 |  4- 6 |  7- 9 || total
-------------------------+-------+-------+-------++-------
Melee: War axe           |    70 |   143 |     8 ||   221
       Headbutt          |     2 |    18 |       ||    20
Throw: Throwing net      |       |     1 |       ||     1
Armor: Scale mail        |    32 |    82 |    11 ||   125
Dodge: Dodged            |    37 |    62 |     4 ||   103
Block: Buckler           |    18 |    38 |     1 ||    57
